 Dungeon Sprint DCSS version 0.30.1-9-gdf580d7c3d (webtiles) character file.

Game seed: 8592193908013626221

1311 Heoruswealwe the Impaler (level 8, -3/83 HPs)
             Began as a Minotaur Fighter on Sept 28, 2023.
             Was an Initiate of Gozag.
             Killed by mirror damage (19 damage)
             ... in the Dungeon (Sprint IX: "|||||||||||||||||||||||||||||").
             The game lasted 00:03:48 (336 turns).

Heoruswealwe the Impaler (Minotaur Fighter)          Turns: 336, Time: 00:03:49

Health: -3/83      AC: 20    Str: 23    XL:     8   Next: 32%
Magic:  7/7        EV:  7    Int:  5    God:    Gozag
Gold:   468        SH:  0    Dex: 10    Spells: 7/7 levels left

rFire   . . .        b - +2 halberd (venom)
rCold   . . .        (shield currently unavailable)
rNeg    . . .        c - +0 plate armour
rPois   .            (helmet restricted)
rElec   .            (no cloak)
rCorr   .            f - +0 pair of gloves
SInv    .            e - +0 pair of boots
Will    .....        (no amulet) Stlth
                     k - +2 ring of protection
HPRegen 0.33/turn    (no ring)
MPRegen 0.10/turn

%: no teleportation
@: gold aura
A: horns 2, retaliatory headbutt
a: Renounce Religion, Potion Petition, Call Merchant, Bribe Branch


You were in the Dungeon.
You worshipped Gozag.
Gozag was aware of your devotion.
You visited 1 branch You collected 468 gold pieces.

Inventory:

Hand Weapons
 a - a +0 trident
 b - a +2 halberd of venom (weapon)
Armour
 c - a +0 plate armour (worn)
 d - a +0 buckler
 e - a +0 pair of boots (worn)
 f - a +0 pair of gloves (worn)
Jewellery
 k - a +2 ring of protection (left hand)
Wands
 h - a wand of iceblast (10)
Scrolls
 j - 2 scrolls of blinking
Potions
 g - a potion of haste
 i - a potion of berserk rage
 l - 5 potions of curing
 m - 2 potions of heal wounds
 n - a potion of might


   Skills:
 + Level 11.7 Fighting
 * Level 15.5 Polearms
 + Level 11.6 Armour
 - Level 3.6 Shields


You had 7 spell levels left.
You didn't know any spells.
Your spell library was empty.

Dungeon Overview and Level Annotations

Branches:
Dungeon (1/1)

Altars:
Cheibriados
Dithmenos
Elyvilon
Fedhas
Gozag
Hepliaklqana
Kikubaaqudgha
Makhleb
Nemelex Xobeh
Okawaru
Qazlal
Ru
Sif Muna
Trog
Uskayaw
Vehumet
Wu Jian
Xom
Yredelemnul
Zin
The Shining One
Jiyva
Lugonu


Innate Abilities, Weirdness & Mutations

You have a pair of horns on your head.
You reflexively headbutt those who attack you in melee.


Message History

You have reached level 8!
You feel agile.
You hit the death knight but do no damage.
Your headbutt misses the death knight.
The death knight is lightly wounded.
The death knight calls down the wrath of Yredelemnul upon you.
Your body is wracked with pain!
You hit the death knight but do no damage.
The death knight looks even sicker.
You headbutt the death knight.
The death knight is lightly wounded.
The death knight reflects your damage back at you! x2
The death knight hits you but does no damage.
The shadow is distracted by your dazzling golden aura.
You completely miss the death knight.
The death knight is lightly wounded.
You closely miss the death knight. You headbutt the death knight!
The death knight is moderately wounded.
The death knight reflects your damage back at you!
* * * LOW HITPOINT WARNING * * *
The death knight closely misses you.
You puncture the death knight!
The death knight looks as sick as possible!
You headbutt the death knight, but do no damage.
The death knight is heavily wounded.
The death knight reflects your damage back at you!
* * * LOW HITPOINT WARNING * * *
The death knight reflects your damage back at you!
The death knight closely misses you.
You feel much better.
The shadow is no longer distracted by gold.
The death knight reflects your damage back at you!
The death knight hits you with a +0 great sword!
* * * LOW HITPOINT WARNING * * *
You barely miss the death knight. Your headbutt misses the death knight.
The death knight is heavily wounded.
You slice the death knight!!
The death knight is almost dead.
The death knight reflects your damage back at you!
You die...
Your body crumbles into a pile of gold.

$
▓.▓
▓.▓
$
▓'▓
▓)▓
$
▓)▓
$
▓)▓
$ $
▓.▓
$
▓$▓
$
▓@▓
▓p▓
▓y▓
▓T▓
▓e▓
▓.▓
▓W▓
▓.▓


You could see a death knight (reflects damage, extremely poisoned), a deep elf
pyromancer, a troll, a vampire mosquito and a shadow.

Vanquished Creatures
  A deep elf pyromancer (D)
  An unseen horror (D)
  3 orc warriors (D)
  A centaur (D)
  A phantom (D)
  A scorpion (D)
  A howler monkey (D)
  A hound (D)
  An iguana (D)
  An endoplasm (D)
  2 goblins (D)
  A hobgoblin (D)
  A quokka (D)
  A ball python (D)
17 creatures vanquished.

Notes
Turn   | Place    | Note
-------+----------+-------------------------------------------
     0 | D        | Heoruswealwe the Minotaur Fighter began the quest for the
                  | Orb.
     0 | D        | Reached XP level 1. HP: 19/19 MP: 0/0
    12 | D        | Reached skill level 3 in Polearms
    36 | D        | Noticed a hound
    36 | D        | Noticed an iguana
    36 | D        | Noticed a phantom
    36 | D        | Noticed a scorpion
    40 | D        | Killed a hound
    41 | D        | Reached skill level 5 in Fighting
    41 | D        | Reached skill level 5 in Polearms
    41 | D        | Reached skill level 5 in Armour
    41 | D        | Reached XP level 2. HP: 28/29 MP: 1/1
    41 | D        | Reached XP level 3. HP: 34/36 MP: 2/2
    43 | D        | Reached skill level 6 in Polearms
    52 | D        | Killed a phantom
    53 | D        | Reached skill level 8 in Polearms
    53 | D        | Reached XP level 4. HP: 25/45 MP: 3/3
    56 | D        | Reached XP level 5. HP: 30/52 MP: 4/4
    66 | D        | Reached skill level 9 in Polearms
    72 | D        | Found a snail-covered altar of Cheibriados.
    72 | D        | Found a shadowy altar of Dithmenos.
    72 | D        | Found a white marble altar of Elyvilon.
    72 | D        | Found a blossoming altar of Fedhas.
    72 | D        | Found an opulent altar of Gozag.
    73 | D        | Found a hazy altar of Hepliaklqana.
    74 | D        | Found a viscous altar of Jiyva.
    75 | D        | Found an ancient bone altar of Kikubaaqudgha.
    76 | D        | Found a corrupted altar of Lugonu.
    77 | D        | Found a burning altar of Makhleb.
    78 | D        | Found a sparkling altar of Nemelex Xobeh.
    79 | D        | Found an iron altar of Okawaru.
    80 | D        | Became a worshipper of Gozag Ym Sagoz the Greedy
    81 | D        | Found a stormy altar of Qazlal.
    82 | D        | Found a sacrificial altar of Ru.
    83 | D        | Found a shimmering blue altar of Sif Muna.
    84 | D        | Found a bloodstained altar of Trog.
    85 | D        | Found a hide-covered altar of Uskayaw.
    86 | D        | Found a radiant altar of Vehumet.
    87 | D        | Found an ornate altar of the Wu Jian Council.
    88 | D        | Found a shimmering altar of Xom.
    89 | D        | Found a basalt altar of Yredelemnul.
    90 | D        | Found a glowing silver altar of Zin.
    91 | D        | Found a glowing golden altar of the Shining One.
   218 | D        | Noticed an orc warrior
   218 | D        | Noticed a centaur
   218 | D        | Noticed an orc warrior
   218 | D        | Noticed an orc warrior
   224 | D        | Killed an orc warrior
   225 | D        | Reached skill level 10 in Polearms
   225 | D        | Reached XP level 6. HP: 56/62 MP: 5/5
   228 | D        | Reached skill level 11 in Polearms
   240 | D        | Killed an orc warrior
   241 | D        | Reached skill level 12 in Polearms
   243 | D        | Killed an orc warrior
   244 | D        | Reached skill level 13 in Polearms
   244 | D        | Reached XP level 7. HP: 59/71 MP: 6/6
   246 | D        | Reached skill level 10 in Fighting
   246 | D        | Reached skill level 10 in Armour
   252 | D        | Killed an unseen horror
   253 | D        | Reached skill level 14 in Polearms
   325 | D        | Noticed a death knight
   325 | D        | Noticed a deep elf pyromancer
   325 | D        | Noticed a vampire mosquito
   325 | D        | Noticed a troll
   325 | D        | Noticed a deep elf pyromancer
   325 | D        | Noticed a shadow
   328 | D        | Killed a deep elf pyromancer
   329 | D        | Reached skill level 15 in Polearms
   329 | D        | Reached XP level 8. HP: 60/83 MP: 7/7
   336 | D        | Killed by mirror damage

Illustrated notes

Levels and vault maps discovered:
D:        linesprint [early_d, line_temple, items_1, d_10, items_2, lair_1,
          lair_end, items_3, orc_1, orc_end, items_4, d_15, swamp_1, shoals_1,
          snake_1, spider_1, d_20, vaults_1, items_5, swamp_end, shoals_end,
          snake_end, spider_end, vaults_end, d_27, items_6, zot_1, zot_end,
          crypt_end, forest_end, elf_end, slime_end, tomb_end, abyss_end,
          pan_hell_end]

Skill      XL: |  1  2  3  4  5  6  7 |
---------------+----------------------+-----
Polearms       | 5 8 10 13 15 | 15.5
Fighting       | 5 6 7 8 9 11 | 11.7
Armour         | 5 6 8 9 11 | 11.6
Shields        | |  3.6

Action                     |  1- 3 |  4- 6 |  7- 9 || total
---------------------------+-------+-------+-------++-------
  Melee: Trident           |    35 |    13 |       ||    48
         Headbutt          |     5 |     2 |     6 ||    13
         Halberd           |       |    22 |    18 ||    40
    Use: Potion            |       |       |     1 ||     1
 Armour: Scale mail        |     7 |     4 |       ||    11
         Plate armour      |       |    12 |     8 ||    20
  Dodge: Dodged            |    15 |    11 |     2 ||    28
  Block: Buckler           |     6 |     2 |       ||     8
